 Dungeon Crawl Stone Soup version 0.24-a0-463-g3510def36b (webtiles) character file.

Game seed: 3811183273232898412

37264 kaza the Cleaver (level 14, -1/108 HPs)
             Began as a Formicid Venom Mage on July 2, 2019.
             Was an Elder of Qazlal.
             Killed from afar by a fire giant (41 damage)
             ... with a bolt of fire
             ... on level 15 of the Dungeon.
             The game lasted 01:26:13 (21621 turns).

kaza the Cleaver (Formicid Venom Mage)             Turns: 21621, Time: 01:26:14

Health: -1/108     AC: 25    Str: 18    XL:     14   Next: 28%
Magic:  22/22      EV:  2    Int: 15    God:    Qazlal [****..]
Gold:   651        SH: 21    Dex: 16    Spells: 14/23 levels left

rFire    . . .     SeeInvis +   a - +4 battleaxe (vamp)
rCold    + . .     Gourm    +   u - +0 large shield
rNeg     . . .     Faith    .   x - +0 crystal plate armour
rPois    .         Spirit   .   (helmet unavailable)
rElec    .         Reflect  .   r - +2 cloak
rCorr    .         Harm     .   (no gloves)
MR       ++...     Clarity  +   (no boots)
Stlth    ..........             O - amulet of the gourmand
HPRegen  0.28/turn              l - ring of attention (curse)
MPRegen  0.18/turn              g - ring "Paykaer" {rC+ Dex+5 Stlth+}

@: repel missiles
A: permanent stasis, dig shafts and tunnels, four strong arms, antennae 3,
hooves 1, clarity, magic resistance 1
a: Dig, Shaft Self, Upheaval, Elemental Force, Renounce Religion


You were on level 15 of the Dungeon.
You worshipped Qazlal.
Qazlal was greatly pleased with you.
You were completely stuffed.

You visited 2 branches of the dungeon, and saw 16 of its levels.
You also visited: Bailey.

You collected 1142 gold pieces.
You spent 491 gold pieces at shops.

Inventory:

Hand Weapons
 a - a +4 vampiric battleaxe (weapon)
 b - a +3 war axe of chopping
 D - a +3 halberd of venom
 F - a +0 scimitar of flaming
Missiles
 n - 13 poisoned darts
 w - 24 boomerangs (quivered)
Armour
 i - the +1 scale mail "Jogall Cawk" {rElec}
   (You found it on level 6 of the Dungeon)

   It insulates you from electricity.
 r - a +2 cloak (worn)
 s - a +0 shield
 u - a +0 large shield (worn)
 x - a +0 crystal plate armour (worn)
Magical Staves
 e - a cursed staff of cold {unknown}
 p - an uncursed staff of fire {unknown}
 B - an uncursed staff of death {unknown}
Jewellery
 g - the ring "Paykaer" (right hand) {rC+ Dex+5 Stlth+}
   (You acquired it in a bailey)

   [ring of protection from cold]

   It affects your dexterity (+5).
   It protects you from cold.
   It makes you more stealthy.
 l - a cursed ring of attention (left hand)
 O - an amulet of the gourmand (around neck)
Wands
 h - a wand of paralysis (10)
 A - a wand of iceblast (4)
 K - a wand of random effects (4)
Scrolls
 d - 4 scrolls of fear
 j - 4 scrolls of summoning
 m - 4 scrolls of remove curse
 o - 3 scrolls of amnesia
 v - 3 scrolls of enchant armour
 y - a scroll of magic mapping
 z - a scroll of immolation
 E - a scroll of blinking {unknown}
 G - a scroll of noise {unknown}
 M - 2 scrolls of silence
 Q - a scroll of identify
Potions
 f - 2 potions of brilliance
 k - 2 potions of cancellation
 q - 8 potions of curing
 t - 5 potions of lignification
 C - a potion of resistance
 I - a potion of agility
 J - 4 potions of flight
 L - 2 potions of heal wounds
Miscellaneous
 H - 2 boxes of beasts
 N - 2 sacks of spiders
Comestibles
 c - 24 rations


   Skills:
 * Level 9.4 Fighting
 + Level 14.1 Axes
 * Level 11.9 Armour
 - Level 1.7 Dodging
 - Level 2.4 Stealth
 - Level 9.1 Shields
 - Level 5.3 Spellcasting
 - Level 1.0 Conjurations
 - Level 2.0 Air Magic
 - Level 7.0 Poison Magic
 - Level 8.0 Invocations


You had 14 spell levels left.
You knew the following spells:

 Your Spells              Type           Power        Failure   Level  Hunger
b - Poisonous Vapours     Pois/Air       ###...       100%        2    #......
c - Olgreb's Toxic Radia  Pois           ####....     100%        4    ####...
d - Mephitic Cloud        Conj/Pois/Air  ##......     100%        3    ###....

Your spell library contained the following spells:

 Spells                   Type           Power        Failure   Level  Hunger
 Corona                   Hex            #......      100%        1    None
 Sting                    Conj/Pois      ###.         100%        1    None
 Ensorcelled Hibernation  Hex/Ice        #.....       100%        2    #......
 Confuse                  Hex            #.......     100%        3    ###....
 Dazzling Spray           Conj/Hex       #.....       100%        3    ###....
 Tukima's Dance           Hex            #.......     100%        3    ###....
 Bolt of Magma            Conj/Fire/Erth #.........   100%        5    ######.
 Iskenderun's Battlesphe  Conj/Chrm      #.......     100%        5    ######.
 Venom Bolt               Conj/Pois      ###.......   100%        5    ######.
 Iron Shot                Conj/Erth      #.........   100%        6    #######
 Orb of Destruction       Conj           #.........   100%        7    #######
 Spellforged Servitor     Conj/Summ      #.........   100%        7    #######


Dungeon Overview and Level Annotations

Branches:
Dungeon (15/15)            Temple (1/1) D:4            Lair (0/6) D:10
    Orc (0/2) D:9          Vaults (0/5) D:13
 Depths: D:15

Altars:
Ashenzari
Cheibriados
Dithmenos
Elyvilon
Fedhas
Gozag
Hepliaklqana
Kikubaaqudgha
Makhleb
Nemelex Xobeh
Okawaru
Qazlal
Ru
Sif Muna
Trog
Uskayaw
Vehumet
Wu Jian
Xom
Yredelemnul
Zin
The Shining One

Shops:
D:4 (   D:9 *   D:10 (   D:13 %

Annotations:
D:2 exclusion: downstairs
D:3 Grinder
D:4 1 runed translucent door, Crazy Yiuf


Innate Abilities, Weirdness & Mutations

You cannot be hasted, slowed, berserked, paralysed or teleported.
You can dig through walls and to a lower floor.
Your four strong arms can wield two-handed weapons with a shield.
You have a pair of large antennae on your head. (SInv)
You have large cloven feet.
You possess an exceptional clarity of mind.
You are resistant to hostile enchantments. (MR+)


Message History

The rust devil completely resists.
You block the rust devil's attack.
You slash the rust devil!
The rust devil is moderately wounded.
You block the rust devil's attack.
A ynoxinul comes into view.
You hit the rust devil.
The rust devil is moderately wounded.
The fire giant gestures at you while chanting.
The fireball explodes!
The fireball engulfs you!!!
You hear a sizzling sound!
The fireball engulfs the rust devil.
The rust devil completely resists.
You block the rust devil's attack.
The ynoxinul gestures.
You hear an angry hiss.
You block the rust devil's attack.
Okay, then.
The fire giant casts a spell at you.
The bolt of fire hits the rust devil.
The rust devil completely resists.
The bolt of fire hits you!!!
You die...

###########################
......4..4@................
.....°...##################
......C.○# .........#
.........#
≈..3.....##################
≈..........................
§≈..................<..(...
§...########...............


You could see a fire giant, an ice devil, a rust devil and a ynoxinul.

Vanquished Creatures
  Rupert (D:14)
  Snorg (D:14)
  A hydra (D:15)
  An ice dragon (D:13)
  Erica (D:8)
  4 centaur warriors
  The ghost of delarado the Prestidigitator, a novice DDEE of Makhleb (D:9)
  2 two-headed ogres
  A tengu warrior (D:12)
  A deep troll (D:13)
  An unseen horror (D:14)
  3 orc knights (Bailey)
  An orb spider (shapeshifter) (D:14)
  A wizard (D:13)
  3 ugly things
  4 cyclopes
  A manticore (D:11)
  Psyche (D:8)
  3 gargoyles
  The ghost of Inarius the Chopper, a novice DsHu (D:7)
  2 komodo dragons
  A kobold demonologist (D:11)
  2 trolls
  A hornet (D:9)
  5 slime creatures (D:12)
  5 hippogriffs
  2 water elementals
  19 yaks
  2 wyverns
  2 wraiths
  A human (D:7)
  2 hungry ghosts (D:9)
  3 hogs (D:7)
  A steam dragon (D:10)
  Grum (D:10)
  Duvessa (D:4)
  3 porcupines (D:10)
  7 sky beasts
  An eye of draining (D:15)
  5 black bears
  15 orc warriors
  2 ice beasts
  9 ogres
  4 phantoms
  8 centaurs
  3 wolves (D:10)
  A crocodile (D:12)
  Blork the orc (D:6)
  2 big kobolds
  7 bullfrogs
  Dowan (D:4)
  A wyvern skeleton (D:9)
  4 scorpions
  A troll zombie (D:9)
  A killer bee (D:9)
  5 wights (D:13)
  An electric eel (D:12)
  2 centaur zombies
  2 howler monkeys
  9 crimson imps
  A bullfrog zombie (D:10)
  3 bullfrog skeletons
  7 centaur skeletons
  6 hounds
  4 jellies
  2 quasits
  7 orc priests
  20 orc wizards
  Natasha (thrice) (D:3)
  6 iguanas
  17 worker ants
  7 ogre zombies (D:9)
  A hound zombie (D:7)
  Robin (D:4)
  11 adders
  2 shadow imps
  An ooze (D:4)
  An adder zombie (D:9)
  2 dart slugs (D:2)
  6 leopard geckos
  81 orcs
  3 ball pythons
  8 giant cockroaches
  17 goblins
  10 hobgoblins
  16 jackals
  20 kobolds
  8 quokkas
  2 bats
  4 frilled lizards
  5 goblin zombies (D:9)
  A hobgoblin skeleton (D:9)
  3 hobgoblin zombies (D:9)
  A leopard gecko zombie (D:7)
  2 orc skeletons (D:9)
  14 orc zombies (D:9)
  8 rats
489 creatures vanquished.

Vanquished Creatures (collateral kills)
  Louise (D:14)
  A centaur warrior (D:9)
  A tengu warrior (D:12)
  A vampire (D:10)
  A centaur (D:11)
5 creatures vanquished.

Vanquished Creatures (others)
  A sixfirhy (D:15)
  A chaos spawn (D:15)
  3 fungi (D:10)
  2 plants (D:10)
7 creatures vanquished.

Grand Total: 501 creatures vanquished

Notes
Turn   | Place    | Note
-------+----------+-------------------------------------------
     0 | D:1      | kaza the Formicid Venom Mage began the quest for the Orb.
     0 | D:1      | Reached XP level 1. HP: 13/13 MP: 3/3
   274 | D:1      | Reached XP level 2. HP: 19/19 MP: 1/5
   278 | D:1      | Learned a level 2 spell: Poisonous Vapours
   476 | D:1      | Reached skill level 1 in Conjurations
   685 | D:1      | Reached skill level 5 in Poison Magic
   685 | D:1      | Reached XP level 3. HP: 20/24 MP: 6/6
  1637 | D:2      | Reached skill level 1 in Armour
  1637 | D:2      | Reached XP level 4. HP: 21/31 MP: 1/8
  2307 | D:2      | Reached skill level 1 in Fighting
  2683 | D:2      | Reached XP level 5. HP: 35/37 MP: 2/9
  2780 | D:2      | Reached skill level 1 in Air Magic
  3063 | D:2      | Found an ancient bone altar of Kikubaaqudgha.
  3404 | D:2      | Learned a level 4 spell: Olgreb's Toxic Radiance
  3468 | D:3      | Noticed Grinder
  3722 | D:2      | Gained mutation: You are resistant to hostile enchantments.
                  | (MR+) [potion of mutation]
  3722 | D:2      | Gained mutation: You have large cloven feet. [potion of
                  | mutation]
  3722 | D:2      | Gained mutation: You possess an exceptional clarity of
                  | mind. [potion of mutation]
  3866 | D:3      | Noticed Natasha
  3868 | D:3      | Killed Natasha
  3970 | D:3      | Noticed Natasha
  3974 | D:3      | Killed Natasha
  3974 | D:3      | Reached XP level 6. HP: 39/43 MP: 1/10
  4300 | D:3      | Noticed Natasha
  4303 | D:3      | Killed Natasha
  4520 | D:4      | Found a staircase to the Ecumenical Temple.
  4525 | D:4      | Noticed an ogre
  4675 | D:3      | Killed an ogre
  4675 | D:3      | Reached skill level 1 in Shields
  4933 | D:4      | Reached XP level 7. HP: 48/48 MP: 12/12
  4968 | D:4      | Noticed Duvessa
  4968 | D:4      | Noticed Dowan
  5065 | D:3      | Learned a level 3 spell: Mephitic Cloud
  5118 | Temple   | Entered the Ecumenical Temple
  5194 | Temple   | Became a worshipper of Qazlal Stormbringer
  5227 | D:4      | Killed Duvessa
  5470 | D:4      | Killed Dowan
  5502 | D:4      | Noticed Robin
  5826 | D:4      | Killed Robin
  6040 | D:4      | Found Soocubad's Weapon Shoppe.
  6092 | D:4      | Found a runed translucent door.
  6093 | D:4      | Noticed Crazy Yiuf
  6241 | D:5      | Entered Level 5 of the Dungeon
  6395 | D:5      | Reached XP level 8. HP: 56/56 MP: 9/14
  6723 | D:5      | Reached skill level 5 in Armour
  6724 | D:5      | Reached * piety under Qazlal
  7867 | D:6      | Noticed Blork the orc
  7875 | D:6      | Killed Blork the orc
  8419 | D:6      | Reached XP level 9. HP: 62/62 MP: 9/15
  8424 | D:6      | Reached skill level 1 in Axes
  9015 | D:6      | Got a scorched spear
  9016 | D:6      | Identified the cursed +1 spear of Foolhardiness {pierce,
                  | rPois Str+4 Dex-2} (You found it on level 6 of the Dungeon)
  9225 | D:6      | Got a smoking scale mail
  9236 | D:6      | Identified the +1 scale mail "Jogall Cawk" {rElec} (You
                  | found it on level 6 of the Dungeon)
  9427 | D:7      | Reached skill level 2 in Axes
  9427 | D:7      | Reached skill level 5 in Shields
  9437 | D:7      | Reached skill level 3 in Axes
  9649 | D:7      | Noticed a hippogriff
  9711 | D:7      | Killed a hippogriff
  9711 | D:7      | Reached skill level 4 in Axes
 10310 | D:7      | Found a transporter.
 10311 | D:7      | Noticed Inarius's ghost (novice DsHu)
 10322 | D:7      | Identified the cursed +2 dire flail of Fioxiw {crush,
                  | Int+6}
 10326 | D:7      | Found a transporter.
 10755 | D:8      | Noticed Erica
 10760 | D:8      | Killed Erica
 10760 | D:8      | Reached skill level 5 in Axes
 10760 | D:8      | Reached XP level 10. HP: 66/68 MP: 11/16
 10761 | D:8      | Found a flagged portal.
 10783 | Bailey   | Entered a bailey
 10832 | Bailey   | Reached ** piety under Qazlal
 11009 | Bailey   | Reached skill level 6 in Axes
 11221 | Bailey   | Identified a scroll of acquirement
 11224 | Bailey   | Got a glittering bone ring
 11227 | Bailey   | Identified the ring "Paykaer" {rC+ Dex+5 Stlth+} (You
                  | acquired it in a bailey)
 11272 | Bailey   | Noticed an orc knight
 11273 | Bailey   | Noticed an orc knight
 11301 | Bailey   | Killed an orc knight
 11313 | Bailey   | Killed an orc knight
 11326 | Bailey   | Reached skill level 7 in Axes
 11522 | Bailey   | Noticed an orc knight
 11557 | Bailey   | HP: 1/68 [orc knight/+0 glaive (17)]
 11560 | Bailey   | Killed an orc knight
 11560 | Bailey   | Reached XP level 11. HP: 20/73 MP: 2/17
 12068 | D:4      | Bought a +2 vampiric battleaxe for 346 gold pieces
 12296 | D:8      | Reached skill level 8 in Axes
 12335 | D:8      | Noticed Psyche
 12346 | D:8      | Killed Psyche
 12346 | D:8      | Reached skill level 1 in Invocations
 12573 | D:8      | Reached *** piety under Qazlal
 13415 | D:9      | Reached **** piety under Qazlal
 13425 | D:9      | Reached skill level 9 in Axes
 13653 | D:9      | Found a staircase to the Orcish Mines.
 13760 | D:9      | Reached skill level 10 in Axes
 13956 | D:9      | Reached ***** piety under Qazlal
 14220 | D:9      | Found a runed translucent gate.
 14220 | D:9      | Found a runed translucent gate.
 14220 | D:9      | Found an opulent altar of Gozag.
 14220 | D:9      | Found a runed translucent gate.
 14220 | D:9      | Found Luxetre's Assorted Antiques.
 14220 | D:9      | Noticed delarado's ghost (novice DDEE)
 14221 | D:9      | Noticed a centaur warrior
 14680 | D:10     | Entered Level 10 of the Dungeon
 14698 | D:10     | Reached skill level 10 in Armour
 14704 | D:10     | Noticed Grum
 14722 | D:10     | Killed Grum
 14730 | D:10     | Reached XP level 12. HP: 80/80 MP: 4/18
 14751 | D:10     | Reached skill level 11 in Axes
 14793 | D:10     | Reached skill level 5 in Invocations
 14862 | D:10     | Found a staircase to the Lair.
 15243 | D:10     | Found Jinnel's Weapon Emporium.
 16189 | D:11     | Noticed a two-headed ogre
 16197 | D:11     | Killed a two-headed ogre
 16794 | D:12     | Noticed a tengu warrior
 16795 | D:12     | Noticed a tengu warrior
 16803 | D:12     | Killed a tengu warrior
 16817 | D:12     | Killed a tengu warrior
 16868 | D:12     | Reached skill level 12 in Axes
 17114 | D:12     | Reached skill level 5 in Fighting
 17922 | D:13     | Reached XP level 13. HP: 60/93 MP: 18/20
 18514 | D:13     | Noticed an ice dragon
 18520 | D:13     | Reached skill level 5 in Spellcasting
 18522 | D:13     | Killed an ice dragon
 18554 | D:13     | Found a gate to the Vaults.
 18648 | D:13     | Found Ocvoamni's Food Emporium.
 19097 | D:14     | Reached skill level 13 in Axes
 19386 | D:7      | Killed Inarius's ghost
 19535 | D:9      | Killed a centaur warrior
 19546 | D:9      | Killed delarado's ghost
 19555 | D:9      | Bought a dented bone amulet for 145 gold pieces
 19857 | D:14     | Noticed a centaur warrior
 19869 | D:14     | Killed a centaur warrior
 19942 | D:14     | Noticed Snorg
 19951 | D:14     | Killed Snorg
 20076 | D:14     | Noticed Louise
 20104 | D:14     | Killed Louise
 20274 | D:14     | Noticed a centaur warrior
 20283 | D:14     | Killed a centaur warrior
 20285 | D:14     | Noticed Rupert
 20308 | D:14     | Killed Rupert
 20308 | D:14     | Reached XP level 14. HP: 74/106 MP: 7/22
 20878 | D:15     | Entered Level 15 of the Dungeon
 21298 | D:15     | Reached skill level 14 in Axes
 21614 | D:15     | Noticed a fire giant
 21621 | D:15     | Killed from afar by a fire giant

Levels and vault maps discovered:
D:1:      dpeg_arrival_concentric_ovals, layout_basic
D:2:      layout_basic, lemuel_round_altar, minmay_hexomino_p4
D:3:      layout_rooms, uniq_grinder, uniq_natasha
D:4:      layout_gridville, minmay_temple_entry_trees, serial_shops, shop,
          first_ration, uniq_crazy_yiuf_cottage, uniq_duvessa, uniq_robin
D:5:      layout_cave_pods, minmay_crystal_room
D:6:      layout_basic, roderic_roman_lattice, uniq_blork_the_orc
D:7:      layout_loops_corners, gammafunk_ghost_smash, grunt_livestock,
          bh_walls_and_bars
D:8:      layout_loops_ring, enter_bailey_2, uniq_erica, uniq_psyche
D:9:      layout_loops_ring, zombieorc2_lemuel, ebering_ghost_gozag,
          kennysheep_opposing_triangles
D:10:     layout_stronghold, due_lair_maze_entry_diamond, serial_shops,
          nicolae_shop_waterfront, uniq_grum, uniq_josephine
D:11:     layout_loops_ring
D:12:     layout_stronghold, minivault_14
D:13:     layout_stronghold, david_vaults_4, serial_shops, nicolae_shop_stone
D:14:     layout_grid_maze, uniq_rupert, uniq_snorg, uniq_louise
D:15:     grunt_enter_depths_giant_problem, layout_long_grid,
          nicolae_lava_and_water, grunt_guarded_unrand_obsidian_axe,
          uniq_jorgrun
Temple:   grunt_wide_crystal_templ

Skill      XL: |  1  2  3  4  5  6  7  8  9 10 11 12 13 14 |
---------------+-------------------------------------------+-----
Conjurations   | 1 |  1.0
Poison Magic   | 5 7 |  7.0
Armour         | 1 2 4 7 8 9 10 11 | 11.9
Spellcasting   | 3 4 5 |  5.3
Fighting       | 1 2 5 8 9 |  9.4
Air Magic      | 1 2 |  2.0
Shields        | 1 3 7 9 |  9.1
Axes           | 5 7 10 12 13 14 | 14.1
Invocations    | 4 6 8 |  8.0
Dodging        | |  1.7
Stealth        | |  2.4

Action                   |  1- 3 |  4- 6 |  7- 9 | 10-12 | 13-15 || total
-------------------------+-------+-------+-------+-------+-------++-------
Melee: Unarmed           |     2 |       |       |       |       ||     2
       Dagger            |    72 |   213 |       |       |       ||   285
       Kick              |       |    12 |    44 |   199 |   132 ||   387
       Flail             |       |     1 |    60 |       |       ||    61
       War axe           |       |       |   152 |   251 |    57 ||   460
       Battleaxe         |       |       |       |   388 |   248 ||   636
       Scimitar          |       |       |       |       |     2 ||     2
Throw: Stone             |       |     1 |     2 |       |       ||     3
       Boomerang         |       |       |       |    16 |     3 ||    19
 Cast: Sting             |    21 |       |       |       |       ||    21
       Poisonous Vapours |     6 |    48 |    97 |    33 |       ||   184
       Olgreb's Toxic Ra |       |       |     2 |    16 |       ||    18
Invok: Elemental Force   |       |       |       |     3 |     9 ||    12
 Abil: Dig               |       |       |       |     1 |       ||     1
Evoke: Wand              |       |       |       |       |     5 ||     5
  Use: Scroll            |       |     3 |     9 |    14 |     1 ||    27
       Potion            |       |     1 |       |     6 |     1 ||     8
 Stab: Sleeping          |     4 |     1 |       |       |       ||     5
       Distracted        |       |       |       |       |     4 ||     4
  Eat: Chunk             |     3 |    13 |    19 |    28 |    19 ||    82
       Ration            |       |       |     1 |     2 |     1 ||     4
Armor: Ring mail         |    19 |   138 |    53 |     2 |       ||   212
       Robe              |     2 |       |       |       |       ||     2
       Scale mail        |       |       |    57 |   164 |    19 ||   240
       Crystal plate arm |       |       |       |       |    72 ||    72
Dodge: Dodged            |    40 |   160 |   151 |   151 |    34 ||   536
       Deflected         |       |       |       |     5 |     3 ||     8
Block: Shield            |       |       |    64 |   501 |   100 ||   665
       Other             |       |       |     1 |       |       ||     1
       Large shield      |       |       |       |       |   212 ||   212

Table legend:
 A = Non-vault XP
 B = Vault XP
 C = Vault XP percentage of total XP
 D = Non-vault monster count
 E = Vault monster count
 F = Vault count percentage of total count
                 A         B        C        D         E       F
            +---------+---------+-------+---------+---------+-------
      Total |   34796 |   18439 |  34.6 |     361 |     133 |  26.9
            +---------+---------+-------+---------+---------+-------
        D:1 |      38 |       0 |   0.0 |      22 |       0 |   0.0
        D:2 |     141 |       6 |   4.1 |      33 |       3 |   8.3
        D:3 |     299 |      41 |  12.1 |      24 |       4 |  14.3
        D:4 |     145 |     250 |  63.3 |      11 |       9 |  45.0
        D:5 |     520 |       0 |   0.0 |      15 |       0 |   0.0
        D:6 |     657 |     100 |  13.2 |      15 |       1 |   6.2
        D:7 |     424 |    1752 |  80.5 |      19 |       9 |  32.1
        D:8 |     625 |    1392 |  69.0 |       8 |       2 |  20.0
        D:9 |    4359 |    2858 |  39.6 |      52 |      45 |  46.4
       D:10 |    2077 |    1576 |  43.1 |      18 |      12 |  40.0
       D:11 |    2828 |       0 |   0.0 |      25 |       0 |   0.0
       D:12 |    6031 |       0 |   0.0 |      54 |       0 |   0.0
       D:13 |    4062 |    3028 |  42.7 |      26 |       5 |  16.1
       D:14 |    7155 |    4238 |  37.2 |      23 |       3 |  11.5
       D:15 |    5435 |       0 |   0.0 |      16 |       0 |   0.0
     Bailey |       0 |    3198 | 100.0 |       0 |      40 | 100.0
            +---------+---------+-------+---------+---------+-------
